 Dungeon Crawl Stone Soup version 0.31-a0-263-ge8cad7f256 (webtiles) character file.

Game seed: 5623118577817387906

51 pokeman the Magician (level 3, -1/20 HPs)
             Began as a Deep Elf Hedge Wizard on July 14, 2023.
             Slain by a kobold
             ... wielding a +4 dagger
              (5 damage)
             ... on level 2 of the Dungeon.
             The game lasted 00:01:55 (1069 turns).

pokeman the Magician (Deep Elf Hedge Wizard)        Turns: 1069, Time: 00:01:56

Health: -1/20      AC:  2    Str:  7    XL:     3   Next: 58%
Magic:  0/11       EV: 17    Int: 20    God:
Gold:   28         SH:  0    Dex: 14    Spells: 4/12 levels left

rFire   . . .        a - +0 dagger
rCold   . . .        (no shield)
rNeg    . . .        b - +0 robe
rPois   .            c - +0 hat
rElec   .            (no cloak)
rCorr   .            (no gloves)
SInv    .            (no boots)
Will    .....        (no amulet)
Stlth   ++           o - +5 ring of evasion
HPRegen 0.23/turn    (no ring)
MPRegen 0.12/turn

%: no passive effects
@: no status effects
A: no striking features
a: no special abilities


You were on level 2 of the Dungeon.
You visited 1 branch of the dungeon, and saw 2 of its levels.

You collected 28 gold pieces.

Inventory:

Hand Weapons
 a - a +0 dagger (weapon)
Armour
 b - a +0 robe (worn)
 c - a +0 hat (worn)
Magical Staves
 f - a staff of cold
 n - a staff of fire
Jewellery
 k - an amulet of guardian spirit
 o - a +5 ring of evasion (left hand)
Wands
 m - a wand of quicksilver (4)
Scrolls
 e - a scroll of identify {unknown}
 g - a scroll of revelation {unknown}
 i - a scroll of fog {unknown}
 j - a scroll of blinking {unknown}
 l - a scroll of noise {unknown}
Potions
 d - 2 potions of magic
 h - 4 potions of attraction {unknown}


   Skills:
 + Level 1.0 Fighting
 + Level 0.9 Armour
 - Level 2.4 Dodging
 - Level 2.4 Stealth
 * Level 5.3 Spellcasting
 + Level 1.9 Conjurations
 - Level 1.1 Summonings
 - Level 1.1 Translocations


You had 4 spell levels left.
You knew the following spells:

 Your Spells              Type           Power      Damage    Failure   Level
a - Magic Dart            Conj           52%        1d5       4%          1
b - Mephitic Cloud        Conj/Pois/Air  7%         N/A       26%         3
c - Call Imp              Summ           18%        N/A       11%         2
d - Blink                 Tloc           18%        N/A       11%         2

Your spell library contained the following spells:

 Spells                   Type           Power      Damage    Failure   Level
 Apportation              Tloc           18%        N/A       7%          1
 Summon Small Mammal      Summ           36%        N/A       7%          1
 Momentum Strike          Conj/Tloc      22%        3d8       9%          2
 Necrotise                Necr           20%        1d5       11%         1
 Slow                     Hex            20%        N/A       11%         1
 Lesser Beckoning         Tloc           18%        N/A       11%         2
 Cigotuvi's Dreadful Rot  Necr/Pois/Air  10%        N/A       17%         2
 Wereblood                Tmut           5%         N/A       17%         2
 Irradiate                Conj/Tmut      4%         3d13      91%         5


Dungeon Overview and Level Annotations

Branches:
Dungeon (2/15)

Altars:

Shops:
D:1 (


Message History

Confirm with . or Enter, or press ? or * to list all spells.
Aiming: Magic Dart (safe; 4% risk of failure)
Press: ? - help, Shift-Dir - straight line, f - kobold
Aim: a kobold, wielding a +4 dagger (100% to hit)
The magic dart hits the kobold but does no damage.
You feel sick. The kobold closely misses you.
Casting: Magic Dart (safe; 4% risk of failure)
Confirm with . or Enter, or press ? or * to list all spells.
Aiming: Magic Dart (safe; 4% risk of failure)
Press: ? - help, Shift-Dir - straight line, f/p - kobold
Aim: a kobold, wielding a +4 dagger (100% to hit)
The magic dart hits the kobold.
The kobold is moderately wounded.
You feel sick.
You are no longer poisoned.
The kobold hits you with a +4 dagger.
Casting: Magic Dart (safe; 4% risk of failure)
Confirm with . or Enter, or press ? or * to list all spells.
Aiming: Magic Dart (safe; 4% risk of failure)
Press: ? - help, Shift-Dir - straight line, f/p - kobold
Aim: a kobold, wielding a +4 dagger (moderately wounded, 100% to hit)
The magic dart hits the kobold but does no damage.
The kobold is moderately wounded.
The kobold hits you with a +4 dagger.
Unknown command.
Casting: Magic Dart (safe; 4% risk of failure)
Confirm with . or Enter, or press ? or * to list all spells.
Aiming: Magic Dart (safe; 4% risk of failure)
Press: ? - help, Shift-Dir - straight line, f/p - kobold
Aim: a kobold, wielding a +4 dagger (moderately wounded, 100% to hit)
The magic dart hits the kobold.
The kobold is severely wounded.
The rat barely misses you. The kobold hits you with a +4 dagger.
* * * LOW HITPOINT WARNING * * *
Casting: Magic Dart (safe; 4% risk of failure)
Confirm with . or Enter, or press ? or * to list all spells.
You don't have enough magic to cast this spell.
The rat attacks as you move away! The rat barely misses you.
The kobold attacks as you move away! The kobold hits you with a +4 dagger.
You die...

......# #.##..#.#..#
..###..##.##.......##
#. ...#
...#.....#...##..
...#
#.....##...###.)#
...# #....##..###..#
..## #........##..#
..># ....#....##..#
...# ..........#...#
...# .#.......#.@.#
..##.#..#.....##rK#
.............. ##..#
#.#######..... #..#
#.### #..... #..#
....# #... #..# ....#
#..# ....# #.. ....#


You could see a kobold and a rat.

Vanquished Creatures
  2 adders (D:2)
  A dart slug (D:1)
  5 ball pythons
  4 endoplasms
  2 giant cockroaches (D:2)
  A goblin (D:2)
  A hobgoblin (D:1)
  3 jackals (D:1)
  A quokka (D:1)
  A bat (D:1)
  A frilled lizard (D:1)
  2 kobolds (D:1)
  5 rats
29 creatures vanquished.

Notes
Turn   | Place    | Note
-------+----------+-------------------------------------------
     0 | D:1      | pokeman the Deep Elf Hedge Wizard began the quest for the
                  | Orb.
     0 | D:1      | Reached XP level 1. HP: 10/10 MP: 7/7
    94 | D:1      | Reached XP level 2. HP: 10/15 MP: 3/9
   393 | D:1      | Found Situcutt's Antique Weapon Emporium.
   556 | D:1      | Reached skill level 5 in Spellcasting
   586 | D:1      | Found a faded altar of an unknown god.
   874 | D:2      | Reached XP level 3. HP: 20/20 MP: 5/11
   878 | D:2      | Learned a level 3 spell: Mephitic Cloud
   881 | D:2      | Learned a level 2 spell: Call Imp
   884 | D:2      | Learned a level 2 spell: Blink
  1065 | D:2      | Reached skill level 1 in Fighting
  1069 | D:2      | Slain by a kobold

Illustrated notes

Levels and vault maps discovered:
D:1:      matt_arrival_spirals, layout_rooms, basic_ecumenical_altar,
          serial_shops, shop
D:2:      minmay_alternating_diamond, layout_rooms, kennysheep_generic_room_15

Skill      XL: |  1  2  3 |
---------------+----------+-----
Spellcasting   | 5 |  5.3
Fighting       | 1 |  1.0
Armour         | |  0.9
Dodging        | |  2.4
Stealth        | |  2.4
Conjurations   | |  1.9
Summonings     | |  1.1
Translocations | |  1.1

Action                     || total
---------------------------++-------
  Melee: Dagger            ||    12
   Cast: Magic Dart        ||    70
 Armour: Robe              ||     2
  Dodge: Dodged            ||    21

Table legend: (Time is in decaauts)
 A = Elapsed time spent in this place.
 B = Non-inter-level travel time spent in this place.
 C = Inter-level travel time spent in this place.
 D = Time resting spent in this place.
 E = Time spent auto-exploring this place.
 F = Levels seen in this place.
 G = Mean time per level.
                   A        B        C        D        E       F      G
               +--------+--------+--------+--------+--------+-----+--------+
         Total |   1068 |   1041 |     27 |     35 |    810 |   2 |  534.0 |
       Dungeon |   1068 |   1041 |     27 |     35 |    810 |   2 |  534.0 |
               +--------+--------+--------+--------+--------+-----+--------+

Top non-repeatable levels by time:
     D:1: 770 daAuts
     D:2: 298 daAuts
